 Dungeon Crawl Stone Soup version 0.30.0-29-ga12c61a403 (webtiles) character file.

Game seed: 221783729594712918

441 Peloso the Slasher (level 6, -1/53 HPs)
             Began as a Minotaur Fighter on June 16, 2023.
             Slain by Eustachio
             ... wielding a +0 falchion
              (5 damage)
             ... on level 5 of the Dungeon.
             The game lasted 00:08:59 (2861 turns).

Peloso the Slasher (Minotaur Fighter)               Turns: 2861, Time: 00:09:00

Health: -1/53      AC: 10    Str: 20    XL:     6   Next: 70%
Magic:  5/5        EV: 10    Int:  5    God:
Gold:   128        SH:  5    Dex: 12    Spells: 5/5 levels left

rFire   . . .        a - +0 long sword
rCold   . . .        d - +0 buckler
rNeg    . . .        b - +0 scale mail
rPois   .            (helmet restricted)
rElec   .            g - +0 cloak
rCorr   .            c - +1 pair of gloves
SInv    .            (no boots)
Will    .....        (no amulet) Stlth
                     (no ring)
HPRegen 0.28/turn    (no ring)
MPRegen 0.09/turn

%: no passive effects
@: no status effects
A: horns 2, retaliatory headbutt
a: no special abilities


You were on level 5 of the Dungeon.
You visited 1 branch of the dungeon, and saw 5 of its levels.

You collected 128 gold pieces.

Inventory:

Hand Weapons
 a - a +0 long sword (weapon)
Armour
 b - a +0 scale mail (worn)
 c - a +1 pair of gloves (worn)
 d - a +0 buckler (worn)
 g - a +0 cloak (worn)
Jewellery
 k - a +6 ring of intelligence
Scrolls
 e - a scroll of amnesia
 l - a scroll of enchant weapon
 r - a scroll of noise
 s - a scroll of blinking {unknown}
 u - a scroll of poison {unknown}
 v - 2 scrolls of enchant armour {unknown}
Potions
 f - 2 potions of mutation
 h - 3 potions of heal wounds {unknown}
 i - a potion of lignification {unknown}
 j - a potion of might
 m - a potion of resistance {unknown}
 n - a potion of cancellation {unknown}
 o - a potion of haste {unknown}
 p - a potion of berserk rage {unknown}
 t - a potion of magic {unknown}
 w - a potion of curing {unknown}


   Skills:
 + Level 4.6 Fighting
 + Level 6.4 Long Blades
 + Level 5.1 Armour
 + Level 1.5 Dodging
 + Level 0.1 Stealth
 + Level 4.5 Shields


You had 5 spell levels left.
You didn't know any spells.
Your spell library contained the following spells:

 Spells                   Type           Power      Damage    Failure   Level
 Summon Small Mammal      Summ           0%         N/A       87%         1
 Cigotuvi's Dreadful Rot  Necr/Pois/Air  0%         N/A       95%         2
 Ensorcelled Hibernation  Hex/Ice        0%         N/A       95%         2
 Passwall                 Tmut/Erth      0%         N/A       95%         2
 Call Canine Familiar     Summ           0%         N/A       99%         3
 Ignite Poison            Fire/Tmut/Pois 0%         N/A       99%         3
 Summon Guardian Golem    Hex/Summ       0%         N/A       99%         3
 Swiftness                Air            0%         N/A       99%         3
 Summon Lightning Spire   Summ/Air       0%         N/A       100%        4
 Freezing Cloud           Conj/Ice/Air   0%         6-21      100%        5
 Irradiate                Conj/Tmut      0%         3d11      100%        5
 Haunt                    Necr/Summ      0%         N/A       100%        7


Dungeon Overview and Level Annotations

Branches:
Dungeon (5/15)
 Temple: D:4-7

Altars:

Shops:
D:1 !

Annotations:
D:5 1 runed translucent door, Crazy Yiuf, Eustachio


Innate Abilities, Weirdness & Mutations

You have a pair of horns on your head.
You reflexively headbutt those who attack you in melee.


Message History

You hit Eustachio but do no damage.
Eustachio zaps a wand.
The bolt of light hits you!
A white imp comes into view.
You slash Eustachio! Your headbutt misses Eustachio.
Eustachio is moderately wounded.
Eustachio hits you but does no damage.
You closely miss Eustachio.
Eustachio is moderately wounded.
Eustachio hits you with a +0 falchion.
You slash Eustachio! You headbutt Eustachio.
Eustachio is heavily wounded.
Eustachio casts a spell.
Eustachio blinks!
The white imp barely misses you. The white imp attacks as you move away!
The white imp closely misses you.
Eustachio zaps a wand.
The bolt of light hits you!
You are confused.
You bump into the rock wall.
You bump into the rock wall.
The white imp hits you but does no damage.
You feel less confused. The white imp gestures at you.
The puff of frost hits you!
* * * LOW HITPOINT WARNING * * *
The white imp gestures at you. You block the puff of frost.
Eustachio zaps a wand.
The bolt of light hits you.
* * * LOW HITPOINT WARNING * * *
You closely miss Eustachio. Your headbutt misses Eustachio.
Eustachio is heavily wounded.
The white imp barely misses you.
Eustachio mumbles some strange words.
You hit Eustachio.
Eustachio is severely wounded.
The white imp hits you but does no damage.
Eustachio hits you but does no damage. The white imp hits you.
* * * LOW HITPOINT WARNING * * *
The white imp freezes you.
* * * LOW HITPOINT WARNING * * *
Eustachio hits you with a +0 falchion.
You die...

.# .# .# #. .####.
.##...# ##
##.##.#..######..##
#######..##.# ...........
.......5###.###........#.
#######.@@r...#..........
#######..........#
###........# #........#
#........# #..).....#
#..).....# ###)###### #)#


You could see Eustachio, a white imp and a quokka (summoned).

Vanquished Creatures
  A phantom (D:4)
  2 hounds (D:4)
  4 orc priests
  A jelly (D:4)
  5 adders
  2 worms (D:2)
  7 orcs
  8 ball pythons
  5 endoplasms
  A giant cockroach (D:4)
  11 goblins
  2 hobgoblins (D:1)
  5 jackals
  5 quokkas
  8 bats
  7 frilled lizards
  14 kobolds
  7 rats
95 creatures vanquished.

Vanquished Creatures (others)
  An orc wizard (D:5)
1 creature vanquished.

Grand Total: 96 creatures vanquished

Notes
Turn   | Place    | Note
-------+----------+-------------------------------------------
     0 | D:1      | Peloso the Minotaur Fighter began the quest for the Orb.
     0 | D:1      | Reached XP level 1. HP: 19/19 MP: 0/0
   142 | D:1      | Reached XP level 2. HP: 25/27 MP: 1/1
   401 | D:1      | Found Ykhlerph's Distillery.
   783 | D:2      | Reached XP level 3. HP: 33/33 MP: 2/2
   792 | D:2      | Reached skill level 3 in Long Blades
   968 | D:2      | Reached XP level 4. HP: 30/40 MP: 3/3
  1062 | D:2      | Got the Teachings on Mutagenic Convocation
  1643 | D:3      | Reached skill level 4 in Long Blades
  1669 | D:3      | Found a faded altar of an unknown god.
  1862 | D:3      | Reached XP level 5. HP: 43/47 MP: 4/4
  2192 | D:4      | Reached skill level 5 in Long Blades
  2222 | D:4      | Noticed a phantom
  2227 | D:4      | Killed a phantom
  2243 | D:4      | Reached skill level 5 in Armour
  2243 | D:4      | Reached XP level 6. HP: 49/53 MP: 5/5
  2253 | D:4      | Reached skill level 6 in Long Blades
  2394 | D:4      | Reached skill level 1 in Dodging
  2762 | D:5      | Entered Level 5 of the Dungeon
  2777 | D:5      | Found a runed translucent door.
  2778 | D:5      | Noticed Crazy Yiuf
  2849 | D:5      | Noticed Eustachio
  2861 | D:5      | Slain by Eustachio

Illustrated notes

Levels and vault maps discovered:
D:1:      dpeg_chamrin_arrival_tetris, layout_loops_ring, serial_shops, shop
D:2:      layout_basic
D:3:      layout_rooms, hellmonk_ecumenical_altar_blasted
D:4:      layout_loops_ring
D:5:      layout_rooms, gammafunk_ghost_mausoleum,
          minmay_hollow_rounded_squares, uniq_ijyb, uniq_crazy_yiuf_cottage,
          uniq_eustachio

Skill      XL: |  1  2  3  4  5  6 |
---------------+-------------------+-----
Fighting       | 4 |  4.6
Shields        | 4 |  4.5
Armour         | 4 5 |  5.1
Long Blades    | 3 4 5 6 |  6.4
Dodging        | 1 |  1.5
Stealth        | |  0.1

Action                     |  1- 3 |  4- 6 || total
---------------------------+-------+-------++-------
  Melee: Long sword        |    78 |   131 ||   209
         Headbutt          |     7 |    25 ||    32
    Use: Scroll            |       |     5 ||     5
 Armour: Scale mail        |    28 |    83 ||   111
  Dodge: Dodged            |    41 |    60 ||   101
  Block: Buckler           |    19 |    37 ||    56
